 Dungeon Crawl Stone Soup version 0.31-a0-358-gac0dbeb3ab (webtiles) character file.

Game seed: 10610918816950619025

111546 CraigForest the Peltast (level 16, -16/123 HPs)
             Began as a Merfolk Gladiator on July 26, 2023.
             Was the Champion of Qazlal.
             Killed from afar by a will-o-the-wisp (26 damage)
             ... with a foxfire
             ... on level 1 of the Swamp.
             The game lasted 02:28:20 (16775 turns).

CraigForest the Peltast (Merfolk Gladiator)        Turns: 16775, Time: 02:28:21

Health: -16/123    AC: 27    Str: 17    XL:     16   Next: 58%
Magic:  0/14       EV: 24    Int:  9    God:    Qazlal [******]
Gold:   2401       SH: 37    Dex: 25    Spells: 15/15 levels left

rFire   x . .        a - +5 trident
rCold   + + .        m - +5 tower shield
rNeg    + . .        S - +9 ice dragon scales "Jeavog" {Harm rF- rC++ Slay+2}
rPois   .            (no helmet)
rElec   .            z - +0 cloak
rCorr   .            Y - +2 pair of gloves {infuse}
SInv    .            (boots currently unavailable)
Will    +....        j - amulet of regeneration
Stlth   +            p - +6 ring of dexterity
HPRegen 1.20/turn    K - ring of positive energy
MPRegen 0.14/turn

%: harm (+30% outgoing, +20% incoming), repel missiles
@: lethally poisoned (-16 -> -17), protected from physical damage, studying 4
skills, invisible, very quick
A: nimble swimmer 2, mertail, low MP 1, passive freeze
a: Renounce Religion, Upheaval, Elemental Force, Disaster Area


You were on level 1 of the Swamp.
You worshipped Qazlal.
Qazlal was exalted by your worship.
You visited 5 branches of the dungeon, and saw 22 of its levels.
You also visited: Bailey and Gauntlet.

You collected 2543 gold pieces.
You spent 142 gold pieces at shops.

Inventory:

Hand Weapons
 a - a +5 trident (weapon)
 J - a +4 triple sword of draining
 O - a +4 hand axe
Missiles
 d - 3 throwing nets (quivered)
 e - 9 javelins
 i - 17 boomerangs
 r - 23 poisoned darts
 A - 9 silver javelins
 H - 8 curare-tipped darts
Armour
 k - a +0 pair of gloves
 m - a +5 tower shield (worn)
 z - a +0 cloak (worn)
 Q - +0 acid dragon scales
 S - the +9 ice dragon scales "Jeavog" (worn) {Harm rF- rC++ Slay+2}
   (You took it off a spriggan in a bailey)

   Slay:      It affects your accuracy & damage with ranged weapons and melee
   (+2).
   rF:        It makes you vulnerable to fire.
   rC:        It greatly protects you from cold.
   Harm:      It increases damage dealt and taken.
 X - the +0 helmet of Light {rElec rPois Stlth+}
   (You found it on level 11 of the Dungeon)

   rElec:     It insulates you from electricity.
   rPois:     It protects you from poison.
   Stlth:     It makes you more stealthy.
 Y - a +2 pair of gloves of infusion (worn)
Jewellery
 j - an amulet of regeneration (around neck)
 p - a +6 ring of dexterity (left hand)
 B - a ring of protection from fire
 E - an amulet of magic regeneration
 K - a ring of positive energy (right hand)
Wands
 u - a wand of charming (8)
 w - a wand of mindburst (39)
 y - a wand of acid (16)
 D - a wand of digging (7)
 F - a wand of iceblast (10)
 V - a wand of polymorph (6)
 Z - a wand of flame (29)
Scrolls
 b - a scroll of revelation
 h - 3 scrolls of amnesia
 l - 7 scrolls of poison
 v - 2 scrolls of silence
 I - a scroll of fog
 L - a scroll of summoning
 N - 9 scrolls of fear
 T - 3 scrolls of blinking
 U - 7 scrolls of teleportation
Potions
 c - a potion of mutation
 f - 15 potions of curing
 g - 2 potions of invisibility
 n - 4 potions of heal wounds
 o - 7 potions of enlightenment
 q - 2 potions of haste
 s - 3 potions of resistance
 t - 3 potions of attraction
 x - 2 potions of lignification
 M - a potion of magic {unknown}
 W - 2 potions of cancellation


   Skills:
 + Level 10.4 Fighting
 + Level 14.8 Polearms
 - Level 2.1 Throwing
 + Level 5.1 Armour
 * Level 15.7 Dodging
 - Level 1.5 Stealth
 + Level 19.7 Shields


You had 15 spell levels left.
You didn't know any spells.
Your spell library contained the following spells:

 Spells                   Type           Power      Damage    Failure   Level
 Kiss of Death            Conj/Necr      0%         2d5       97%         1
 Necrotise                Necr           0%         1d4       97%         1
 Cigotuvi's Dreadful Rot  Necr/Pois/Air  0%         N/A       99%         2
 Ensorcelled Hibernation  Hex/Ice        0%         N/A       99%         2
 Passwall                 Tmut/Erth      0%         N/A       99%         2
 Ignite Poison            Fire/Tmut/Pois 0%         N/A       100%        3
 Inner Flame              Hex/Fire       0%         N/A       100%        3
 Portal Projectile        Hex/Tloc       0%         N/A       100%        3
 Swiftness                Air            0%         N/A       100%        3
 Tukima's Dance           Hex            0%         N/A       100%        3
 Vampiric Draining        Necr           0%         2d6       100%        3
 Anguish                  Hex/Necr       0%         N/A       100%        4
 Cause Fear               Hex            0%         N/A       100%        4
 Iskenderun's Mystic Bla  Conj/Tloc      0%         2d3       100%        4
 Agony                    Necr           0%         N/A       100%        5
 Freezing Cloud           Conj/Ice/Air   0%         6-21      100%        5
 Yara's Violent Unravell  Hex/Tmut       0%         3d3       100%        5
 Death Channel            Necr           0%         N/A       100%        6
 Enfeeble                 Hex            0%         N/A       100%        7
 Discord                  Hex            0%         N/A       100%        8


Dungeon Overview and Level Annotations

Branches:
Dungeon (13/15)            Temple (1/1) D:4            Lair (5/5) D:8
  Swamp (1/4) Lair:2        Snake (0/4) Lair:3        Slime (0/5) Lair:5
    Orc (2/2) D:12            Elf (0/3) Orc:2        Vaults (0/5) D:13
 Bailey (visited)         Gauntlet (visited)

Altars:
Ashenzari
Cheibriados
Dithmenos
Elyvilon
Fedhas
Gozag
Hepliaklqana
Kikubaaqudgha
Makhleb
Nemelex Xobeh
Okawaru
Qazlal
Ru
Sif Muna
Trog
Uskayaw
Vehumet
Wu Jian
Xom
Yredelemnul
Zin
The Shining One
Jiyva

Shops:
D:1 *   D:8 !   D:13 *   Orc:1 !(   Orc:2 [[((=

Portals:
Trove: D:10 (give 18 potions of curing)


Innate Abilities, Weirdness & Mutations

You are very nimble when in or above water. (Stealth+, EV+, Speed+++)
Your lower body shifts to a powerful aquatic tail in water.
Your magical capacity is low. (-10% MP)
A frigid envelope surrounds you and freezes all who hurt you.


Message History

The will-o-the-wisp conjures some foxfire!
The swamp dragon breathes poison at you.
The blast of poison engulfs you.
You are poisoned.
* * * LOW HITPOINT WARNING * * *
You block the seven-headed hydra's attack. x2
The seven-headed hydra barely misses you. x2
You block the seven-headed hydra's attack.
The seven-headed hydra closely misses you.
The seven-headed hydra bites you.
* * * LOW HITPOINT WARNING * * *
2 foxfires come into view.
You feel much better.
You feel sick.
The foxfire is engulfed in a thunderstorm.
The foxfire hits you!
* * * LOW HITPOINT WARNING * * *
The foxfire hits you but does no damage.
You feel more protected from fire.
You block the seven-headed hydra's attack. x3
The seven-headed hydra bites you but does no damage.
The seven-headed hydra is very cold.
The seven-headed hydra seems to slow down.
The seven-headed hydra is lightly wounded.
The seven-headed hydra barely misses you.
The seven-headed hydra closely misses you.
The seven-headed hydra bites you!!
* * * LOW HITPOINT WARNING * * *
Your resistance to fire fades away.
You feel protected from physical attacks.
The seven-headed hydra is very cold.
The seven-headed hydra is lightly wounded.
You fade into invisibility!
You feel sick. The will-o-the-wisp misses you.
You feel sick.
The will-o-the-wisp gestures.
The will-o-the-wisp conjures some foxfire! 2 foxfires come into view.
The foxfire is engulfed in a thunderstorm.
The foxfire hits you!! The fire burns you terribly!
You die...

♣.~~~~~~.~~..~~
♣..~~§.~~~~~~~~
♣♣..~~♣~~~...~~
♣~...♣§<~~....~
♣♣♣♣♣.....~...♣~..~
.♣...~~§...~~.♣♣ .
..[~.~°~~§.~~~♣
...♣.°°°v~..~~♣♣.
...~.○☼@vD.......
.>§~~~§~v~w~~.....
...~~~°○D~~~..#.##
♣♣...○§°°....##...
♣♣.....°♣..## ..
♣......♣....
♣♣~..♣$...#÷.
♣~.§~~~.$#...
.~~......# ..


You could see a seven-headed hydra (strong, slow), a swamp dragon (strong), a
will-o-the-wisp and a swamp worm.

Vanquished Creatures
  Kirke (Lair:3)
  A minotaur (Gauntlet)
  An ettin (Orc:1)
  Fannar (D:11)
  3 hydras
  2 vault guards (D:13)
  A merfolk avatar (Lair:5)
  Erica (D:9)
  2 ogre magi
  A death knight (D:13)
  14 death yaks (Lair:5)
  8 two-headed ogres
  An orc high priest (Orc:2)
  Sonja (Lair:2)
  A tengu warrior (D:13)
  2 skysharks
  Amaemon (D:11)
  An iron troll (Orc:2)
  A spriggan druid (Swamp:1)
  A goliath frog (Swamp:1)
  Lodul (D:11)
  A deep troll (Orc:1)
  2 wizards (Gauntlet)
  Pikel (D:7)
  A phantasmal warrior (D:13)
  A deep elf pyromancer (D:13)
  A harpy (Lair:5)
  4 cyclopes
  3 manticores
  2 ugly things (D:13)
  A salamander (Lair:3)
  A moth of wrath (Gauntlet)
  Joseph (D:8)
  5 black mambas
  Maurice (D:8)
  11 elephants
  10 cane toads
  4 gargoyles
  An orange demon (D:11)
  2 rime drakes (Lair:5)
  2 komodo dragons (Lair:5)
  2 unseen horrors (D:10)
  A tengu conjurer (D:13)
  3 freezing wraiths (D:13)
  3 polar bears
  13 trolls
  3 hornets
  4 snapping turtles (Lair:5)
  14 blink frogs
  Sigmund (D:5)
  5 spriggans (Bailey)
  A shadow (D:12)
  9 slime creatures
  2 vampires
  6 wraiths
  A wyvern (Lair:2)
  33 yaks
  Grum (D:9)
  3 hogs (Lair:3)
  10 humans (D:13)
  8 vampire mosquitoes
  8 basilisks
  3 wargs
  6 steam dragons
  3 swamp worms (Swamp:1)
  3 acid dragons
  11 water moccasins
  19 orc warriors
  Duvessa (D:7)
  3 ice beasts
  2 sky beasts
  28 wolves
  30 ogres
  11 centaurs
  A kobold brigand (D:11)
  12 bullfrogs
  A gnoll sergeant (D:5)
  A scorpion (D:7)
  7 wights (D:7)
  An earth elemental (D:13)
  Dowan (D:7)
  8 killer bees
  4 howler monkeys
  2 lava snakes (Lair:3)
  17 orc priests
  5 hounds
  Crazy Yiuf (D:4)
  5 jellies
  2 gnoll boudas
  An iron imp (D:6)
  6 iguanas
  28 orc wizards
  7 gnolls
  7 adders
  3 shadow imps
  4 white imps
  2 ufetubi (D:6)
  3 worms
  A dart slug (D:2)
  55 orcs
  12 ball pythons
  14 endoplasms
  5 giant cockroaches
  10 goblins
  10 hobgoblins
  13 jackals
  3 quokkas
  6 bats
  3 frilled lizards
  12 kobolds
  3 rats
628 creatures vanquished.

Vanquished Creatures (others)
  2 humans (Lair:3)
  An ogre (Bailey)
  10 foxfires (Swamp:1)
13 creatures vanquished.

Grand Total: 641 creatures vanquished

Notes
Turn   | Place    | Note
-------+----------+-------------------------------------------
     0 | D:1      | CraigForest the Merfolk Gladiator began the quest for the
                  | Orb.
     0 | D:1      | Reached XP level 1. HP: 16/16 MP: 1/1
    50 | D:1      | Found Wuij's General Store.
    57 | D:1      | Reached XP level 2. HP: 16/22 MP: 2/2
   198 | D:1      | Reached XP level 3. HP: 28/28 MP: 3/3
   673 | D:2      | Reached skill level 5 in Polearms
   738 | D:2      | Reached XP level 4. HP: 27/34 MP: 4/4
   778 | D:2      | Identified the +3 dagger of Ambiguity {freeze, rF+ Dex+3}
   833 | D:2      | Reached skill level 1 in Shields
  1369 | D:3      | Found a faded altar of an unknown god.
  1408 | D:3      | Found a radiant altar of Vehumet.
  1550 | D:3      | Found a broken altar of Ashenzari.
  1824 | D:3      | Reached XP level 5. HP: 39/39 MP: 5/5
  2149 | D:4      | Reached skill level 5 in Dodging
  2170 | D:4      | Reached skill level 2 in Shields
  2170 | D:4      | Reached XP level 6. HP: 46/46 MP: 6/6
  2229 | D:4      | Found a glowing silver altar of Zin.
  2291 | D:4      | Found a staircase to the Ecumenical Temple.
  2299 | Temple   | Entered the Ecumenical Temple
  2340 | Temple   | Became a worshipper of Qazlal Stormbringer
  2826 | D:4      | Found a runed translucent door.
  2827 | D:4      | Noticed Crazy Yiuf
  2835 | D:4      | Killed Crazy Yiuf
  3104 | D:5      | Entered Level 5 of the Dungeon
  3110 | D:5      | Reached skill level 1 in Armour
  3144 | D:5      | Noticed Sigmund
  3182 | D:5      | Killed Sigmund
  3183 | D:5      | Reached XP level 7. HP: 22/52 MP: 7/7
  3210 | D:5      | Reached skill level 3 in Shields
  3409 | D:5      | Reached XP level 8. HP: 49/59 MP: 8/8
  3458 | D:5      | Reached skill level 4 in Shields
  3707 | D:6      | Found a white marble altar of Elyvilon.
  3824 | D:6      | Noticed a wraith
  3859 | D:6      | Killed a wraith
  3865 | D:6      | Reached * piety under Qazlal
  3971 | D:6      | Found a snail-covered altar of Cheibriados.
  4117 | D:6      | Reached skill level 5 in Shields
  4237 | D:7      | Reached skill level 10 in Polearms
  4259 | D:7      | Reached XP level 9. HP: 48/65 MP: 9/9
  4304 | D:7      | Reached skill level 6 in Shields
  4513 | D:7      | Noticed a troll
  4530 | D:7      | Killed a troll
  4531 | D:7      | Reached skill level 7 in Shields
  4644 | D:7      | Noticed Pikel
  4671 | D:7      | Killed Pikel
  4694 | D:7      | Reached skill level 8 in Shields
  4694 | D:7      | Reached XP level 10. HP: 62/73 MP: 10/10
  4780 | D:7      | Noticed Dowan
  4780 | D:7      | Noticed Duvessa
  4787 | D:7      | Killed Dowan
  4801 | D:7      | Killed Duvessa
  4806 | D:7      | Found a glowing golden altar of the Shining One.
  4899 | D:7      | Reached ** piety under Qazlal
  4917 | D:7      | Found a burning altar of Makhleb.
  4952 | D:8      | Found a staircase to the Lair.
  4974 | D:8      | Reached skill level 1 in Stealth
  5041 | D:7      | Reached skill level 5 in Fighting
  5073 | D:8      | Noticed Joseph
  5103 | D:8      | Killed Joseph
  5104 | D:8      | Reached skill level 9 in Shields
  5231 | D:8      | Found Wawkadom's Distillery.
  5275 | D:8      | Bought a potion of degeneration for 16 gold pieces
  5585 | D:8      | Noticed Maurice
  5610 | D:8      | Killed Maurice
  5685 | D:9      | Found a sacrificial altar of Ru.
  5709 | D:9      | Found an ancient bone altar of Kikubaaqudgha.
  5747 | D:9      | Noticed Grum
  5764 | D:9      | Reached *** piety under Qazlal
  5770 | D:9      | Killed Grum
  5771 | D:9      | Reached XP level 11. HP: 79/80 MP: 11/11
  5797 | D:9      | Noticed Erica
  5821 | D:9      | Killed Erica
  5822 | D:9      | Reached skill level 10 in Shields
  5922 | D:9      | Paralysed by a hornet for 1 turns
  6106 | D:9      | Found a flagged portal.
  6112 | Bailey   | Entered a bailey
  6215 | Bailey   | Noticed a two-headed ogre
  6218 | Bailey   | Reached skill level 10 in Dodging
  6250 | Bailey   | Killed a two-headed ogre
  6275 | Bailey   | Identified the +9 ice dragon scales "Jeavog" {Harm rF- rC++
                  | Slay+2}
  6350 | Bailey   | Identified the +5 longbow of Immorality {freeze, Stlth+}
  6688 | D:10     | Entered Level 10 of the Dungeon
  6817 | D:10     | Reached skill level 11 in Shields
  6839 | D:10     | Found a shimmering blue altar of Sif Muna.
  6955 | D:10     | Found a portal to a secret trove of treasure.
  7101 | D:10     | Found an opulent altar of Gozag.
  7604 | D:11     | Noticed Amaemon
  7630 | D:11     | Killed Amaemon
  7676 | D:11     | Noticed a manticore
  7687 | D:11     | Killed a manticore
  7695 | D:11     | Reached skill level 12 in Shields
  7695 | D:11     | Reached XP level 12. HP: 75/88 MP: 12/12
  7707 | D:11     | Identified the +0 helmet of Light {rElec rPois Stlth+}
  7710 | D:11     | Noticed Fannar
  7775 | D:11     | Killed Fannar
  8051 | D:11     | HP: 2/88 [something (19)]
  8454 | D:11     | Noticed Lodul
  8456 | D:11     | Reached **** piety under Qazlal
  8466 | D:11     | Killed Lodul
  8660 | D:12     | Reached skill level 13 in Shields
  8708 | D:12     | Found a staircase to the Orcish Mines.
  8760 | Orc:1    | Entered Level 1 of the Orcish Mines
  9090 | Orc:1    | Found Uvvotwim's Antique Weapon Boutique.
  9097 | Orc:1    | Found Xyecso's Distillery.
  9120 | Orc:1    | Bought 2 potions of curing for 84 gold pieces
  9120 | Orc:1    | Bought a potion of curing for 42 gold pieces
  9162 | Orc:1    | Reached ***** piety under Qazlal
  9352 | Orc:2    | Entered Level 2 of the Orcish Mines
  9352 | Orc:2    | Noticed an ogre mage
  9352 | Orc:2    | Found Diji's Antique Weapon Shoppe.
  9353 | Orc:2    | Noticed a two-headed ogre
  9353 | Orc:2    | Noticed a two-headed ogre
  9353 | Orc:2    | Noticed an ettin
  9354 | Orc:2    | Noticed an ogre mage
  9358 | Orc:2    | Noticed a two-headed ogre
  9358 | Orc:2    | Noticed a two-headed ogre
  9359 | Orc:2    | Noticed a two-headed ogre
  9359 | Orc:2    | Noticed an iron troll
  9362 | Orc:2    | Noticed a two-headed ogre
  9363 | Orc:2    | Noticed a two-headed ogre
  9400 | Orc:1    | HP: 3/91 [ettin/+0 dire flail (31)]
  9409 | Orc:1    | Killed an ettin
  9421 | Orc:1    | Killed a two-headed ogre
  9422 | Orc:1    | Reached skill level 14 in Shields
  9429 | Orc:1    | Killed a two-headed ogre
  9438 | Orc:1    | Killed a two-headed ogre
  9439 | Orc:1    | Reached XP level 13. HP: 53/96 MP: 13/13
  9575 | Orc:1    | Reached skill level 15 in Shields
  9667 | Orc:2    | Found Pevoggoosy's Armour Shoppe.
  9669 | Orc:2    | Found Ufaic's Jewellery Emporium.
  9670 | Orc:2    | Found Tobase Warph's Antique Armour Emporium.
  9671 | Orc:2    | Found Isun's Weapon Shop.
  9851 | Orc:2    | Found a staircase to the Elven Halls.
 11059 | D:13     | Reached skill level 16 in Shields
 11108 | D:13     | Found Muador's Pet Rocks.
 11116 | D:13     | Noticed a vault guard
 11125 | D:13     | Noticed a vault guard
 11137 | D:13     | Killed a vault guard
 11164 | D:13     | Killed a vault guard
 11185 | D:13     | Reached XP level 14. HP: 103/105 MP: 14/14
 11186 | D:13     | Reached ****** piety under Qazlal
 11209 | D:13     | Found a gate to the Vaults.
 11462 | D:13     | Reached skill level 17 in Shields
 11497 | D:13     | Gained mutation: You occasionally shout uncontrollably at
                  | your foes. [potion of mutation]
 11497 | D:13     | Gained mutation: You have a pair of small antennae on your
                  | head. [potion of mutation]
 11498 | D:13     | Lost mutation: You occasionally shout uncontrollably at
                  | your foes. [potion of mutation]
 11498 | D:13     | Lost mutation: You have a pair of small antennae on your
                  | head. [potion of mutation]
 11498 | D:13     | Gained mutation: You are partially covered in large bone
                  | plates. (SH +4) [potion of mutation]
 11498 | D:13     | Gained mutation: Your body sometimes deteriorates upon
                  | taking damage. [potion of mutation]
 11498 | D:13     | Gained mutation: You have a pair of small horns on your
                  | head. [potion of mutation]
 11866 | Lair:1   | Entered Level 1 of the Lair of Beasts
 12173 | Lair:1   | Got the Precepts of the Faeries and Lamentation
 12735 | Lair:2   | Found a staircase to the Swamp.
 12738 | Lair:2   | Noticed Sonja
 12743 | Lair:2   | Killed Sonja
 13772 | Lair:3   | Noticed Kirke
 13785 | Lair:3   | Reached skill level 18 in Shields
 13805 | Lair:3   | Killed Kirke
 14063 | Lair:3   | Found a staircase to the Snake Pit.
 14274 | Lair:4   | Found a gate leading to a gauntlet.
 14295 | Gauntlet | Entered a Gauntlet
 14295 | Gauntlet | Found a runed translucent door.
 14295 | Gauntlet | Found a transporter.
 14295 | Gauntlet | Found a runed translucent door.
 14295 | Gauntlet | Found a transporter.
 14299 | Gauntlet | Found a transporter.
 14299 | Gauntlet | Found a transporter.
 14309 | Gauntlet | Found a transporter.
 14309 | Gauntlet | Found a transporter.
 14337 | Gauntlet | Identified a scroll of acquirement
 14339 | Gauntlet | Acquired a manual of Unarmed Combat
 14357 | Gauntlet | Found a transporter.
 14357 | Gauntlet | Found a transporter.
 14361 | Gauntlet | Found a transporter.
 14361 | Gauntlet | Found a transporter.
 14454 | Gauntlet | Found a transporter.
 14454 | Gauntlet | Found a transporter.
 14573 | Gauntlet | Identified the +2 leather armour of Toilex {rF+ MP+9
                  | Slay+3}
 14758 | Lair:4   | Reached XP level 15. HP: 114/114 MP: 13/15
 14790 | Lair:4   | Reached XP level 16. HP: 122/122 MP: 13/16
 15360 | Lair:5   | Entered Level 5 of the Lair of Beasts
 15400 | Lair:5   | Reached skill level 5 in Armour
 15407 | Lair:5   | Reached skill level 19 in Shields
 15425 | Lair:5   | Reached skill level 15 in Dodging
 15455 | Lair:5   | Reached skill level 10 in Fighting
 15618 | Lair:5   | Lost mutation: You are partially covered in large bone
                  | plates. (SH +4) [potion of mutation]
 15618 | Lair:5   | Lost mutation: Your body sometimes deteriorates upon taking
                  | damage. [potion of mutation]
 15618 | Lair:5   | Lost mutation: You have a pair of small horns on your head.
                  | [potion of mutation]
 15618 | Lair:5   | Gained mutation: A frigid envelope surrounds you and
                  | freezes all who hurt you. [potion of mutation]
 15618 | Lair:5   | Gained mutation: Your magical capacity is low. (-10% MP)
                  | [potion of mutation]
 15626 | Lair:5   | Identified the +1 leather armour of Durable Curiosity
                  | {Int+4}
 15627 | Lair:5   | Identified the +3 trident "Wapu" {flame, Fragile Str+6
                  | Int+3}
 16110 | Lair:5   | Found a staircase to the Slime Pits.
 16121 | Lair:5   | Found a viscous altar of Jiyva.
 16735 | Swamp:1  | Entered Level 1 of the Swamp
 16775 | Swamp:1  | Killed from afar by a will-o-the-wisp

Illustrated notes

Levels and vault maps discovered:
D:1:      evilmike_arrival_hilbert_curve, layout_rooms, serial_shops,
          nicolae_square_shop, minmay_misc_feat_chi
D:2:      layout_basic, chequers_serial_rivers_small_a
D:3:      layout_basic, nicolae_ashenzari_panopticon,
          lemuel_coloured_pillars_altar, ebering_ecumenical_altar_petrified,
          serial_corexii_hall, chequers_hall_statues_corner_a,
          corexii_hall_statues_l
D:4:      layout_basic, mainiacjoe_overflow_boulevard,
          minmay_temple_entry_glassed_door, hangedman_abyss_or_decor_stagger,
          grunt_ministairs_2, uniq_crazy_yiuf_cottage
D:5:      layout_basic, uniq_sigmund
D:6:      layout_rooms, elyvilon_altar_3, slow_altar_1, minmay_manual_moon
D:7:      layout_basic, makhleb_blood_cavern_becter,
          mainiacjoe_overflow_alcove_1, minmay_manual_macuahuitl, uniq_duvessa,
          uniq_pikel
D:8:      layout_cave_pools, erik_lair_orcish_takeover, serial_shops,
          nicolae_shop_advertising_works [nicolae_subvault_shop_adworks],
          uniq_joseph, uniq_maurice
D:9:      nicolae_cairo_tiling_large_dashed, layout_gridville,
          kiku_gazebo_garden_becter, lemuel_tele_altar, serial_co_window_serial,
          co_window_paths_b, co_window_paths_b, co_window_of_opportunity_a,
          co_window_corner_a, co_window_paths_b, co_window_unsneaky_path_d,
          co_window_corner_b, co_window_corner_ca, co_window_paths_c,
          enter_bailey_3, chequers_serial_rivers_micro_c, uniq_grum, uniq_erica
D:10:     layout_grid_maze, grunt_gozag_breadcrumbs,
          mainiacjoe_overflow_brackets, nicolae_trove_entry_columns,
          minmay_misc_feat_rows
D:11:     layout_basic, uniq_fannar, uniq_lodul, uniq_amaemon
D:12:     layout_basic, minmay_orc_entry_temple_small
D:13:     layout_roguey, ximxim_vaults_locker_room, guppyfry_shop_earth
Temple:   nicolae_temple_bog_church
Lair:1:   layout_regular_city, beast_lair_carwin_10, lemuel_fruit_fields
Lair:2:   layout_hall_layers, swamp_mist, uniq_sonja
Lair:3:   layout_cellular_growth, nicolae_snake_entry_warm_welcome,
          grunt_megastairs_2, uniq_kirke
Lair:4:   layout_regular_city, gauntlet_entry_generic
Lair:5:   gammafunk_lair_ancient_temple, layout_long_grid,
          nicolae_slime_entry_slimehenge
Swamp:1:  layout_basic_swamp, serial_swamp_ruin, evilmike_swamp_ruin_house_6,
          evilmike_swamp_ruin_house_3, swamp_pool1
Orc:1:    layout_diamond_mine, basic_altar, serial_shops, nicolae_shop_stone,
          shop, hellmonk_bongcloud_opening, nicolae_orc_jurassic_orc
Orc:2:    st_orc_open, layout_caves, serial_shops, shop, kennysheep_orc_chapel

Skill      XL: |  1  2  3  4  5  6  7  8  9 10 11 12 13 14 15 16 |
---------------+-------------------------------------------------+-----
Polearms       | 5 6 8 10 11 12 14 | 14.8
Shields        | 1 2 3 5 8 9 12 14 16 18 19 | 19.7
Dodging        | 5 6 8 9 10 12 13 14 15 | 15.7
Fighting       | 3 4 5 6 7 8 9 10 | 10.4
Armour         | 1 2 3 4 5 |  5.1
Stealth        | 1 |  1.5
Throwing       | |  2.1

Action                     |  1- 3 |  4- 6 |  7- 9 | 10-12 | 13-15 | 16-18 || total
---------------------------+-------+-------+-------+-------+-------+-------++-------
  Melee: Trident           |   135 |   223 |   387 |   955 |   901 |   305 ||  2906
         Punch             |     2 |       |       |       |       |       ||     2
         Tailslap          |       |       |       |     2 |       |    43 ||    45
         Headbutt          |       |       |       |       |   130 |    74 ||   204
  Throw: Throwing net      |     2 |     1 |       |       |       |       ||     3
    Use: Scroll            |     3 |     7 |     5 |    14 |     8 |     2 ||    39
         Potion            |       |       |     1 |     7 |     3 |     3 ||    14
   Stab: Sleeping          |       |     1 |     1 |       |       |       ||     2
 Armour: Leather armour    |    38 |       |       |       |       |       ||    38
         Ring mail         |    30 |    61 |    70 |       |       |       ||   161
         Troll leather arm |       |       |    10 |    50 |       |       ||    60
         Ice dragon scales |       |       |       |    96 |   112 |    51 ||   259
  Dodge: Dodged            |    98 |    47 |   130 |   252 |   181 |   103 ||   811
         Repelled          |       |       |       |       |     5 |       ||     5
  Block: Tower shield      |    57 |   155 |   416 |   979 |  1001 |   502 ||  3110

Table legend: (Time is in decaauts)
 A = Elapsed time spent in this place.
 B = Non-inter-level travel time spent in this place.
 C = Inter-level travel time spent in this place.
 D = Time resting spent in this place.
 E = Time spent auto-exploring this place.
 F = Levels seen in this place.
 G = Mean time per level.
                   A        B        C        D        E       F      G
               +--------+--------+--------+--------+--------+-----+--------+
         Total |  16498 |  10639 |   5859 |      0 |   5679 |  24 |  687.4 |
       Dungeon |   9909 |   6358 |   3551 |      0 |   3314 |  13 |  762.2 |
        Temple |     61 |      4 |     57 |      0 |      0 |   1 |   61.0 |
          Lair |   4353 |   2898 |   1455 |      0 |   2025 |   5 |  870.6 |
         Swamp |     28 |     28 |      0 |      0 |      0 |   1 |   28.0 |
  Orcish Mines |   1592 |    798 |    794 |      0 |    340 |   2 |  796.0 |
        Bailey |    257 |    257 |      0 |      0 |      0 |   1 |  257.0 |
      Gauntlet |    294 |    294 |      0 |      0 |      0 |   1 |  294.0 |
               +--------+--------+--------+--------+--------+-----+--------+

Top non-repeatable levels by time:
     D:4: 1155 daAuts
  Lair:5: 1051 daAuts
   Orc:1: 950 daAuts
    D:11: 945 daAuts
     D:7: 877 daAuts
  Lair:3: 875 daAuts
  Lair:4: 871 daAuts
    D:10: 852 daAuts
  Lair:1: 806 daAuts
    D:13: 796 daAuts
     D:9: 793 daAuts
  Lair:2: 748 daAuts
    D:12: 726 daAuts
     D:2: 711 daAuts
     D:3: 673 daAuts
